 Dungeon Crawl Stone Soup version 0.16.2-12-gd0ad4c3 (webtiles) character file.

17213 Kloppie the Grappler (level 12, -12/106 HPs)
             Began as a Ghoul Monk on Oct 31, 2015.
             Was the Champion of Makhleb.
             Mangled by an Executioner (17 damage)
             ... summoned by the player character
             ... in a volcano.
             The game lasted 00:36:25 (12444 turns).

Kloppie the Grappler (Ghoul Monk)                  Turns: 12444, Time: 00:36:26

Health: -12/106    AC: 21    Str: 20    XL:     12   Next: 45%
Magic:  24/24      EV:  7    Int:  5    God:    Makhleb [******]
Gold:   762        SH:  0    Dex: 11    Spells: 0 memorised, 11 levels left

rFire  + . .     SeeInvis .       - Unarmed
rCold  . . .     Clarity  .     N - +0 plate armour
rNeg   + + +     SustAb   +     (no shield)
rPois  ∞         Gourm    .     a - +1 helmet
rElec  .         Spirit   .     Q - +0 cloak
rCorr  .         Warding  +     (no gloves)
rMut   .         Stasis   .     f - +1 pair of boots
MR     .....                    i - amulet of warding
Stlth  ..........               z - ring of fire
                                r - ring of sustain abilities

@: rotting, not resistant to hostile enchantments, extremely unstealthy
A: rotting body, claws 1, carnivore 3, cold resistance 1, negative energy
resistance 3, poison resistance, slow healing 1, torment resistance, unbreathing
a: Minor Destruction, Lesser Servant of Makhleb, Major Destruction, Greater
Servant of Makhleb, Renounce Religion


You were in a volcano.
You worshipped Makhleb.
Makhleb was exalted by your worship.
You were not hungry.

You visited 3 branches of the dungeon, and saw 14 of its levels.
You also visited: Volcano.

You collected 762 gold pieces.

Inventory:

Hand weapons
 b - a +1 blowgun
Missiles
 T - 18 poisoned needles
Armour
 a - a +1 helmet (worn)
 f - a +1 pair of boots (worn)
 q - a +0 shield
 y - a +2 helmet of fire resistance
 E - a +2 scale mail of fire resistance
 N - a +0 plate armour (worn)
 Q - a +0 cloak (worn)
Jewellery
 i - an amulet of warding (around neck)
 r - a ring of sustain abilities (left claw)
 z - a ring of fire (right claw)
 C - an uncursed ring of stealth
Magical devices
 k - a wand of lightning (4)
 x - a wand of digging (4)
Scrolls
 g - a scroll of recharging
 o - a scroll of enchant weapon
 t - a scroll of summoning {unknown}
 B - 3 scrolls of teleportation
 G - 3 scrolls of remove curse
 S - a scroll of fog
 V - a scroll of magic mapping
Potions
 c - 5 potions of restore abilities
 d - 4 potions of brilliance
 e - a potion of resistance
 h - a potion of lignification {unknown}
 j - 2 potions of might
 n - 5 potions of curing
 p - 3 potions of agility
 s - 2 potions of cancellation {unknown}
 u - a potion of mutation {unknown}
 v - a potion of invisibility {unknown}
 w - a potion of heal wounds {unknown}
 A - a potion of cure mutation {unknown}
 K - a potion of beneficial mutation {unknown}
Comestibles
 l - 6 beef jerkies
 m - 4 meat rations


   Skills:
 - Level 10.0 Fighting
 + Level 10.4 Armour
 - Level 2.6 Dodging
 - Level 2.1 Stealth
 + Level 12.4 Unarmed Combat
 - Level 10.0 Invocations


You had 11 spell levels left.
You didn't know any spells.

Dungeon Overview and Level Annotations

Branches:
Dungeon (11/15)            Temple (1/1) D:4            Lair (2/8) D:11
    Orc (0/4) D:9

Altars:
Ashenzari
Dithmenos
Elyvilon
Fedhas
Gozag
Kikubaaqudgha
Makhleb
Nemelex Xobeh
Okawaru
Qazlal
Ru
Sif Muna
Trog
Xom
Zin
The Shining One

Shops:
D:6 :   D:7 ?   D:8 %

Annotations:
D:3 CcS's ghost, average CeHu
D:7 2 runed doors
Lair:1 exclusions: ice statue and 4 oklob plants Volcano Urug


Innate Abilities, Weirdness & Mutations

Your body is rotting away.
You thrive on raw meat.
You have sharp fingernails.
You are carnivorous and can eat meat at any time.
Your flesh is cold resistant.
You are immune to negative energy.
Your system is resistant to poisons.
You heal slowly when monsters are visible.
You are immune to unholy pain and torment.
You can survive without breathing.


Message History

Urug burns you.
* * * LOW HITPOINT WARNING * * *
Use which ability? (? or * to list)
A demon appears!
It doesn't seem very happy.
You feel somewhat more hungry.
The air gets thick with the scent of sulphur.
The Executioner hits you.
* * * LOW HITPOINT WARNING * * *
The Executioner hits you but does no damage.
The Executioner barely misses you. The Executioner closely misses you.
The Executioner hits you but does no damage. x2
Things that are here:
a war axe of flaming; a scale mail of fire resistance The Executioner gestures.
The Executioner seems to speed up.
Urug throws a javelin.
The javelin hits you.
* * * LOW HITPOINT WARNING * * *
The Executioner hits you but does no damage. x3
You see here a javelin.
In the distance, the volcano erupts with a roar.
Urug is no longer bleeding.
The Executioner hits you!
You die...

## # .##..## #####.##
######
)$.....o###.§............#
#o.§...§≈≈.≈≈≈≈....
##).§§§≈≈§≈≈≈≈≈≈§§§
#.1(.§≈§§≈§≈§≈≈§§§.
##@..§.§≈§≈§≈≈§≈≈..
#....§§§§§§§≈§§≈≈..
##....≈§§§≈≈§≈§≈...
###...§§§.§.≈§...# ###
##.#...§§........#
##≈≈##.###..###..##...#
#§§§≈)## #### #######..
##§≈§≈.## ##.## #§§§≈!.[#
##..##


You could see an Executioner and Urug.

Vanquished Creatures
  The ghost of Kloppie the Protected, a powerful FoFi of Makhleb (Lair:1)
  A hydra (Lair:1)
  2 hill giants
  2 cyclopes
  A black mamba (Lair:2)
  Joseph (D:11)
  A centaur skeleton (D:11)
  3 spiny frogs (Lair:1)
  A kobold demonologist (D:11)
  2 trolls
  Grinder (D:4)
  3 basilisks
  A deep elf mage (D:7)
  A human (D:7)
  The ghost of gaypyos the Cudgeler, an average MiBe of Trog (D:4)
  Eustachio (D:8)
  8 yaks
  A hungry ghost (D:9)
  6 wolves
  A steam dragon (D:10)
  A soldier ant (D:8)
  3 water moccasins
  7 porcupines
  3 sky beasts
  9 orc warriors
  6 ice beasts
  A phantom (D:4)
  A necrophage (D:5)
  3 crocodiles
  2 ogres
  3 centaurs
  Sigmund (D:6)
  11 big kobolds
  5 giant frogs
  A gnoll sergeant (D:8)
  A wyvern skeleton (D:11)
  A scorpion (D:9)
  5 wights (D:7)
  A water moccasin skeleton (D:7)
  11 killer bees
  7 crimson imps
  2 centaur zombies
  A goliath beetle (D:6)
  A jelly (D:5)
  5 giant frog skeletons
  6 hounds
  6 iguanas
  7 orc priests
  10 worker ants
  8 orc wizards
  3 sheep (D:7)
  A hound zombie (D:10)
  A hound skeleton (D:8)
  8 adders
  12 gnolls
  2 worker ant zombies
  7 river rats
  A shadow imp (D:6)
  A worm (D:5)
  An adder skeleton (D:9)
  6 giant geckos
  38 orcs
  13 bats
  2 bat skeletons
  2 bat zombies (D:5)
  5 giant cockroaches
  15 goblins
  17 hobgoblins
  2 jackals (D:2)
  9 quokkas
  A ball python (D:3)
  3 giant newts
  A giant spore (D:10)
  73 kobolds
  A kobold zombie (D:6)
  A quokka zombie (D:6)
  17 rats
  3 ballistomycetes
414 creatures vanquished.

Vanquished Creatures (collateral kills)
  An ice dragon (Lair:1)
  A polar bear (Lair:1)
  3 ice beasts (Lair:1)
5 creatures vanquished.

Vanquished Creatures (others)
  A green death (Lair:1)
  2 giant spores
  A fungus (D:11)
  3 plants (D:11)
7 creatures vanquished.

Grand Total: 426 creatures vanquished

Notes
Turn   | Place    | Note
--------------------------------------------------------------
     0 | D:1      | Kloppie, the Ghoul Monk, began the quest for the Orb.
     0 | D:1      | Reached XP level 1. HP: 19/19 MP: 1/1
   121 | D:1      | Reached XP level 2. HP: 19/26 MP: 2/2
   485 | D:1      | Reached XP level 3. HP: 33/33 MP: 3/3
   856 | D:2      | Reached skill level 5 in Unarmed Combat
  1217 | D:3      | Noticed CcS's ghost (average CeHu)
  1665 | D:2      | Reached XP level 4. HP: 26/40 MP: 3/3
  1990 | D:3      | Reached XP level 5. HP: 41/46 MP: 4/4
  1998 | D:3      | Reached skill level 5 in Fighting
  2163 | D:2      | Reached skill level 6 in Unarmed Combat
  2320 | D:4      | Noticed Grinder
  2335 | D:4      | Paralysed by Grinder for 3 turns
  2339 | D:4      | Killed Grinder
  2339 | D:4      | Reached XP level 6. HP: 23/57 MP: 5/5
  2573 | D:4      | Reached skill level 7 in Unarmed Combat
  2573 | D:4      | Reached XP level 7. HP: 60/64 MP: 5/5
  2660 | D:4      | Noticed a phantom
  2690 | D:4      | Killed a phantom
  2895 | D:4      | Noticed gaypyos' ghost (average MiBe)
  2914 | D:4      | Killed gaypyos' ghost
  3020 | D:4      | Reached skill level 8 in Unarmed Combat
  3139 | D:4      | Found a staircase to the Ecumenical Temple.
  3145 | Temple   | Entered the Ecumenical Temple
  3153 | Temple   | Became a worshipper of Makhleb the Destroyer
  3153 | Temple   | Acquired Makhleb's first power
  3153 | Temple   | Acquired Makhleb's second power
  3235 | D:4      | Found an opulent altar of Gozag.
  3354 | D:5      | Entered Level 5 of the Dungeon
  3406 | D:5      | Reached XP level 8. HP: 63/73 MP: 6/6
  3672 | D:5      | Acquired Makhleb's third power
  3857 | D:5      | Reached skill level 9 in Unarmed Combat
  3883 | D:5      | Acquired Makhleb's fourth power
  4150 | D:5      | Reached XP level 9. HP: 81/83 MP: 7/7
  4468 | D:6      | Reached skill level 10 in Unarmed Combat
  4590 | D:6      | Found Peimowog's Book Emporium.
  4616 | D:6      | Reached skill level 1 in Invocations
  4848 | D:6      | Found a sacrificial altar of Ru.
  4985 | D:6      | Noticed Sigmund
  4998 | D:6      | Killed Sigmund
  4998 | D:6      | Reached skill level 10 in Fighting
  5045 | D:6      | Found a blossoming altar of Fedhas.
  5080 | D:6      | Acquired Makhleb's fifth power
  5437 | D:7      | Reached skill level 1 in Armour
  5584 | D:7      | Found a runed door.
  5605 | D:7      | Found a runed door.
  5831 | D:7      | Reached skill level 5 in Invocations
  5877 | D:7      | Reached XP level 10. HP: 54/93 MP: 16/16
  6148 | D:7      | Found Wautt's Magic Scroll Emporium.
  6158 | D:7      | Found a shimmering altar of Xom.
  6389 | D:8      | Found Saena's Food Emporium.
  6493 | D:8      | Reached skill level 5 in Armour
  6666 | D:8      | Noticed Eustachio
  6682 | D:8      | Killed Eustachio
  7022 | D:9      | Found a stormy altar of Qazlal.
  7520 | D:9      | Found a staircase to the Orcish Mines.
  8002 | D:10     | Entered Level 10 of the Dungeon
  8210 | D:10     | Found a shadowy altar of Dithmenos.
  8434 | D:10     | Noticed a hill giant
  8443 | D:10     | HP: 4/91 [hill giant/giant club (26)]
  8444 | D:10     | Killed a hill giant
  8444 | D:10     | Reached XP level 11. HP: 26/97 MP: 20/22
  8793 | D:11     | Noticed Joseph
  9199 | D:10     | Reached skill level 10 in Invocations
  9240 | D:11     | Found a staircase to the Lair.
  9293 | D:11     | Killed Joseph
  9864 | D:11     | Noticed a hill giant
  9877 | D:11     | Killed a hill giant
  9952 | D:11     | Reached skill level 11 in Unarmed Combat
 10275 | Lair:1   | Entered Level 1 of the Lair of Beasts
 10401 | Lair:1   | Noticed Kloppie's ghost (powerful FoFi)
 10588 | Lair:1   | Killed Kloppie's ghost
 10588 | Lair:1   | Reached XP level 12. HP: 91/106 MP: 24/24
 10706 | Lair:1   | Noticed a seven-headed hydra
 10715 | Lair:1   | Killed a seven-headed hydra
 11120 | Lair:1   | Reached skill level 12 in Unarmed Combat
 11156 | Lair:1   | Reached skill level 10 in Armour
 11278 | Lair:1   | Noticed an ice dragon
 11278 | Lair:1   | Noticed an ice statue
 11301 | Lair:1   | HP: 5/104 [ice dragon/blast of cold (18)]
 11308 | Lair:1   | Killed an ice dragon
 12270 | Lair:2   | Found a dark tunnel.
 12278 | Volcano  | Entered a volcano
 12386 | Volcano  | Noticed Urug
 12441 | Volcano  | Noticed an Executioner
 12442 | Volcano  | HP: 5/106 [Executioner[the player character] (5)]
 12444 | Volcano  | Mangled by an Executioner

Action                   |  1- 3 |  4- 6 |  7- 9 | 10-12 || total
-------------------------+-------+-------+-------+-------++-------
Melee: Unarmed           |   143 |   123 |   585 |   854 ||  1705
 Fire: Blowgun           |       |       |       |     3 ||     3
Invok: Greater Servant o |       |       |       |     3 ||     3
Evoke: Wand              |       |       |       |     1 ||     1
  Use: Scroll            |       |       |    11 |    11 ||    22
       Potion            |       |       |       |     2 ||     2
  Eat: Chunk             |     5 |    14 |    28 |    89 ||   136
